 Dungeon Crawl Stone Soup version 0.18-a0-1203-gbde16db (webtiles) character file.

55581 st0uf the Spear-Bearer (level 14, 0/130 HPs)
             Began as a Naga Fighter on Jan 31, 2016.
             Was a High Priest of Okawaru.
             Slain by a blink frog (13 damage)
             ... on level 8 of the Lair of Beasts.
             The game lasted 02:47:07 (22131 turns).

st0uf the Spear-Bearer (Naga Fighter)              Turns: 22131, Time: 02:47:07

Health: 0/130      AC: 28    Str: 36    XL:     14   Next: 78%
Magic:  16/16      EV: 11    Int: 13    God:    Okawaru [*****.]
Gold:   941        SH:  0    Dex: 13    Spells: 2 memorised, 11 levels left

rFire  + . .     SeeInvis +     t - +4 glaive (pain)
rCold  + . .     Gourm    .     b - +3 ring mail "Forget-Me-Not" {rC+ Str+10 Int+2 Dex-3}
rNeg   . . .     Faith    .     (shield currently unavailable)
rPois  +         Spirit   .     V - +2 helmet {Int+3}
rElec  .         Dismiss  .     M - +2 cloak
rCorr  .         Reflect  .     Z - +1 pair of gloves {archery}
SustAt .         Harm     .     p - +2 naga barding {Stlth+}
MR     +....                    L - amulet of regeneration
Stlth  +++.......               y - +3 ring of strength
                                k - +4 ring of strength

@: very slow, somewhat resistant to hostile enchantments, fairly stealthy
A: see invisible, deformed body, fire resistance 1, poison resistance, screaming
1, slowness 2, slow metabolism 1, spit poison 2, constrict 1, AC +4
a: Spit Poison, Heroism, Finesse, Renounce Religion


You were on level 8 of the Lair of Beasts.
You worshipped Okawaru.
Okawaru was extremely pleased with you.
You were not hungry.

You visited 3 branches of the dungeon, and saw 19 of its levels.
You also visited: Labyrinth.

You collected 1285 gold pieces.
You spent 344 gold pieces at shops.

Inventory:

Hand Weapons
 l - a +4 spear
 o - a +0 arbalest
 t - a +4 glaive of pain (weapon)
Missiles
 D - 143 bolts
 Y - 28 poisoned bolts
Armour
 b - the +3 ring mail "Forget-Me-Not" (worn) {rC+ Str+10 Int+2 Dex-3}
   (You found it in a labyrinth)

   It affects your strength (+10).
   It affects your intelligence (+2).
   It affects your dexterity (-3).
   It protects you from cold.
 p - a +2 naga barding of stealth (worn)
 J - a +1 pair of gloves of dexterity
 M - a +2 cloak (worn)
 V - a +2 helmet of intelligence (worn)
 Z - a +1 pair of gloves of archery (worn)
Magical Staves
 T - an uncursed staff of energy
 W - an uncursed staff of air
Rods
 H - a +2 rod of destruction (13/13)
   (You found it in a labyrinth)
Jewellery
 k - a +4 ring of strength (left hand)
 m - an uncursed ring of positive energy
 y - a +3 ring of strength (right hand)
 A - an uncursed ring of fire
 F - a +2 amulet of reflection
 L - an amulet of regeneration (around neck)
 U - an uncursed ring of protection from cold
 X - an uncursed ring of sustain attributes
Wands
 B - a wand of teleportation (0/9)
 C - a wand of teleportation (0/9)
 I - a wand of disintegration (11/24)
 O - a wand of lightning (4/15)
 S - a wand of lightning (11/15)
Scrolls
 n - 2 scrolls of identify
 q - a scroll of magic mapping
 u - 3 scrolls of blinking
 v - 3 scrolls of remove curse
 w - 6 scrolls of teleportation
Potions
 d - 5 potions of might
 e - 3 potions of heal wounds
 g - a potion of flight
 i - a potion of invisibility
 j - 3 potions of agility
 r - 8 potions of curing
 s - a potion of haste
 z - 2 potions of ambrosia
 E - a potion of cure mutation
 P - 3 potions of lignification
Books
 c - a book of Dreams

   Spells                             Type                      Level
   a - Ensorcelled Hibernation        Hexes/Ice                    2
   b - Phase Shift                    Translocation                5
   c - Silence                        Hexes/Air                    5
   d - Darkness                       Hexes                        6
   e - Mass Confusion                 Hexes                        6
   f - Shadow Creatures               Summoning                    6
 x - a Young Poisoner's Handbook

   Spells                             Type                      Level
   a - Sting                          Conjuration/Poison           1
   b - Cure Poison                    Poison                       2
   c - Mephitic Cloud                 Conjuration/Poison/Air       3
   d - Olgreb's Toxic Radiance        Poison                       4
   e - Venom Bolt                     Conjuration/Poison           5
 K - a book of Maledictions

   Spells                             Type                      Level
   a - Corona                         Hexes                        1
   b - Ensorcelled Hibernation        Hexes/Ice                    2
   c - Confuse                        Hexes                        3
   d - Tukima's Dance                 Hexes                        3
   e - Dazzling Spray                 Conjuration/Hexes            3
 N - a book of Spatial Translocations

   Spells                             Type                      Level
   a - Apportation                    Translocation                1
   b - Blink                          Translocation                2
   c - Shroud of Golubria             Charms/Translocation         2
   d - Portal Projectile              Translocation                3
   e - Teleport Other                 Translocation                3
   f - Passage of Golubria            Translocation                4
Miscellaneous
 a - a legendary deck of defence {the Helm}
 Q - a fan of gales
Comestibles
 f - 10 bread rations
 h - 2 meat rations
 G - 2 beef jerkies
 R - 3 fruits


   Skills:
 + Level 9.8 Fighting
 * Level 14.1 Polearms
 * Level 6.2 Crossbows
 + Level 7.2 Armour
 + Level 8.1 Dodging
 + Level 4.1 Stealth
   Level 9.9 Shields
 * Level 6.1 Poison Magic
 + Level 3.8 Invocations


You had 11 spell levels left.
You knew the following spells:

 Your Spells              Type           Power        Failure   Level  Hunger
a - Sting                 Conj/Pois      #...         12%         1    ##.....
b - Apportation           Tloc           #.........   38%         1    ##.....


Dungeon Overview and Level Annotations

Branches:
Dungeon (10/15)            Temple (1/1) D:7            Lair (8/8) D:10
  Swamp (0/4) Lair:6        Snake (0/4) Lair:3        Slime (0/6) Lair:6
    Orc: D:9-12

Altars:
Ashenzari
Cheibriados
Dithmenos
Fedhas
Gozag
Kikubaaqudgha
Makhleb
Okawaru
Pakellas
Ru
Sif Muna
Xom
Yredelemnul
Zin
The Shining One
Jiyva

Shops:
D:6 :[*!   D:7 }   D:9 :

Annotations:
Lair:6 1 runed door, exclusion: door


Innate Abilities, Weirdness & Mutations

You cannot wear boots.
Your serpentine skin is tough (AC +4).
You have supernaturally acute eyesight.
Armour fits poorly on your strangely shaped body.
Your system is resistant to poisons.
You cover ground very slowly.
You have a slow metabolism.
You can spit poison.
You can use your snake-like lower body to constrict enemies.
Your flesh is heat resistant.
You occasionally shout uncontrollably at your foes.


Message History

Attack whom?
Press: ? - help, Dir - move target cursor, f/p - blink frog
Aim: a blink frog (moderately wounded, poisoned)
You reach to attack!
The blink frog momentarily phases out as your attack passes through it.
The blink frog is moderately wounded.
The blink frog momentarily phases out as your attack passes through it.
You grab the blink frog.
The blink frog is moderately wounded.
You constrict the blink frog! The blink frog hits you.
* * * LOW HITPOINT WARNING * * *
The blink frog blinks free!
The blink frog hits you!
* * * LOW HITPOINT WARNING * * *
The blink frog blinks!
The blink frog momentarily phases out as your attack passes through it.
You grab the blink frog.
The blink frog is heavily wounded.
You have got your breath back.
You constrict the blink frog! The blink frog hits you!
You die...

.. ..# .... ... ....P# .
####.##### ### ......#
≈.#..#..P#.#####.###....#
.P...PPP.P@##.P#..P.....###
..?..P...PF†..PP..........#
........PP............<..#
......††PP..............###
####†P..†P..P...#......#
#.P.†..P.P##...%....P#
#......######.#.[....#
#......####.##.......#
##...........#......P##


You could see a blink frog.

Vanquished Creatures
  A minotaur (Lab)
  Harold (Lair:1)
  7 hydras
  Erica (D:8)
  3 death yaks
  Nergalle (Lair:2)
  2 hill giants (D:10)
  The ghost of M4edhros the Covert, a novice OpAr of Xom (D:8)
  6 black mambas
  16 elephants (Lair:7)
  2 torpor snails (Lair:7)
  15 spiny frogs
  The ghost of M4edhros the Sneak, a novice OpAr (D:4)
  12 komodo dragons
  2 polar bears
  The ghost of derval the Charmwright, an amateur FoSk (D:3)
  36 blink frogs
  3 two-headed ogres
  Sigmund (D:4)
  2 wyverns
  35 yaks
  A steam dragon (Lair:6)
  4 basilisks
  4 hippogriffs
  A hungry ghost (D:10)
  6 vampire mosquitoes (Lair:8)
  23 wolves
  15 water moccasins
  Edmund (D:4)
  20 porcupines
  A swamp drake (Lair:6)
  2 sky beasts
  3 ice beasts
  2 phantoms
  4 ogres
  2 eyes of draining
  3 orc warriors
  3 black bears
  2 centaurs
  4 big kobolds
  8 crocodiles
  23 giant frogs
  A wyvern zombie (D:10)
  4 scorpions
  14 killer bees
  5 wights (D:10)
  2 electric eels (Lair:5)
  4 crimson imps
  4 giant frog zombies
  A quasit (D:9)
  A centaur skeleton (D:4)
  10 orc priests
  2 giant frog skeletons (D:8)
  6 hounds
  3 jellies
  12 orc wizards
  11 iguanas
  7 worker ants
  14 sheep
  A hound zombie (D:10)
  6 gnolls
  7 adders
  21 river rats
  A shadow imp (D:10)
  An ooze (D:1)
  An adder skeleton (D:7)
  9 giant geckos
  25 orcs
  6 ball pythons
  5 giant cockroaches
  10 hobgoblins
  8 jackals
  8 quokkas
  9 bats
  A giant gecko zombie (D:6)
  7 giant newts
  6 goblins
  15 kobolds
  2 quokka skeletons (D:4)
  A quokka zombie (D:5)
  10 rats
  2 plants
544 creatures vanquished.

Vanquished Creatures (others)
  2 gnolls (D:2)
  50 fungi
  33 plants
85 creatures vanquished.

Grand Total: 629 creatures vanquished

Notes
Turn   | Place    | Note
--------------------------------------------------------------
     0 | D:1      | st0uf the Naga Fighter began the quest for the Orb.
     0 | D:1      | Reached XP level 1. HP: 21/21 MP: 1/1
   356 | D:1      | Reached XP level 2. HP: 28/28 MP: 2/2
   689 | D:1      | Reached XP level 3. HP: 34/34 MP: 3/3
  1665 | D:2      | Reached XP level 4. HP: 11/42 MP: 4/4
  2207 | D:3      | Noticed derval's ghost (amateur FoSk)
  2814 | D:3      | Found a sacrificial altar of Ru.
  2841 | D:3      | Killed derval's ghost
  2841 | D:3      | Reached skill level 1 in Dodging
  2841 | D:3      | Reached XP level 5. HP: 35/50 MP: 5/5
  2841 | D:3      | Reached XP level 6. HP: 39/57 MP: 6/6
  2847 | D:3      | Reached skill level 1 in Stealth
  2858 | D:3      | Became a worshipper of Ru the Awakened
  3204 | D:4      | Noticed Edmund
  3312 | D:4      | Killed Edmund
  3472 | D:4      | Noticed Sigmund
  3497 | D:4      | Reached skill level 4 in Fighting
  3497 | D:4      | Reached XP level 7. HP: 59/64 MP: 7/7
  3516 | D:4      | Noticed M4edhros's ghost (novice OpAr)
  3519 | D:4      | Killed Sigmund
  3855 | D:4      | Killed M4edhros's ghost
  3855 | D:4      | Reached XP level 8. HP: 66/73 MP: 8/8
  3918 | D:4      | Upgraded the game from 0.18-a0-1202-g796ae12 to 0.18-a0-1203-gbde16db
  4262 | D:5      | Entered Level 5 of the Dungeon
  4326 | D:5      | Reached skill level 5 in Shields
  4471 | D:5      | Reached skill level 5 in Polearms
  5569 | D:4      | Reached skill level 5 in Armour
  5627 | D:5      | Reached XP level 9. HP: 54/80 MP: 9/9
  5685 | D:5      | Reached skill level 6 in Polearms
  6163 | D:6      | Found an oddly glowing altar of Pakellas.
  6330 | D:6      | Found Unulumu's Armour Boutique.
  6333 | D:6      | Bought a +1 pair of gloves of dexterity for 165 gold pieces
  6353 | D:6      | Found Usheump's Book Emporium.
  6481 | D:6      | Found Qak Umae's Distillery.
  6484 | D:6      | Bought a potion of heal wounds for 70 gold pieces
  6574 | D:6      | Found Loikh's Assorted Antiques.
  6582 | D:6      | Bought a scroll of identify for 56 gold pieces
  6582 | D:6      | Bought a scroll labeled YGUES AVUEDD for 28 gold pieces
  6582 | D:6      | Bought a yellow potion for 25 gold pieces
  6734 | D:6      | Found a glowing silver altar of Zin.
  6734 | D:6      | Found a sacrificial altar of Ru.
  6888 | D:7      | Found an iron altar of Okawaru.
  6905 | D:7      | Fell from the grace of Ru
  6905 | D:7      | Became a worshipper of Warmaster Okawaru
  6990 | D:7      | Reached skill level 5 in Fighting
  7187 | D:7      | Found a staircase to the Ecumenical Temple.
  7218 | D:7      | Reached skill level 7 in Polearms
  7264 | D:7      | Found Nyim's Gadget Emporium.
  7285 | D:7      | Reached * piety under Okawaru
  7331 | Temple   | Entered the Ecumenical Temple
  7474 | D:7      | Reached XP level 10. HP: 80/88 MP: 10/10
  8180 | D:8      | Noticed Erica
  8381 | D:8      | Noticed M4edhros's ghost (novice OpAr)
  8402 | D:8      | Reached skill level 8 in Polearms
  8435 | D:8      | Killed M4edhros's ghost
  8435 | D:8      | Reached ** piety under Okawaru
  8571 | D:8      | Killed Erica
  9009 | D:8      | Noticed a three-headed hydra
  9037 | D:8      | Killed a three-headed hydra
  9037 | D:8      | Reached *** piety under Okawaru
  9047 | D:8      | Reached XP level 11. HP: 37/97 MP: 11/11
  9293 | D:9      | Reached skill level 9 in Polearms
  9328 | D:9      | Reached **** piety under Okawaru
  9689 | D:9      | Found a snail-covered altar of Cheibriados.
  9840 | D:9      | Found Xoqoej's Book Emporium.
  9861 | D:9      | Gained mutation: Your flesh is heat resistant. [mutagenic meat]
  9862 | D:9      | Gained mutation: You occasionally shout uncontrollably at your foes. [mutagenic meat]
 10011 | D:10     | Entered Level 10 of the Dungeon
 10671 | D:10     | Noticed a hill giant
 10695 | D:10     | Killed a hill giant
 10721 | D:10     | Noticed a hill giant
 10729 | D:10     | Killed a hill giant
 10729 | D:10     | Reached skill level 5 in Dodging
 11326 | D:10     | Found a staircase to the Lair.
 11454 | D:10     | Reached skill level 1 in Invocations
 11679 | Lair:1   | Entered Level 1 of the Lair of Beasts
 11828 | Lair:1   | Noticed Harold
 11884 | Lair:1   | Reached skill level 10 in Polearms
 12973 | Lair:1   | Reached ***** piety under Okawaru
 12993 | Lair:1   | Reached skill level 1 in Crossbows
 13063 | Lair:1   | Reached XP level 12. HP: 81/109 MP: 10/12
 13433 | Lair:2   | Noticed a seven-headed hydra
 14274 | Lair:2   | Noticed Nergalle
 14383 | Lair:1   | Received a gift from Okawaru
 14700 | Lair:1   | Killed Harold
 14700 | Lair:1   | Reached skill level 11 in Polearms
 14742 | Lair:2   | Killed Nergalle
 15367 | Lair:3   | Found a staircase to the Snake Pit.
 15557 | Lair:3   | Noticed a six-headed hydra
 15569 | Lair:3   | HP: 3/110 [13-headed hydra (3)]
 15569 | Lair:3   | HP: 1/110 [13-headed hydra (2)]
 15972 | Lair:3   | Killed a 13-headed hydra
 16636 | Lair:4   | Noticed a death yak
 16655 | Lair:3   | Killed a death yak
 16655 | Lair:3   | Gained mutation: You can use your snake-like lower body to constrict enemies. [Naga growth]
 16655 | Lair:3   | Reached XP level 13. HP: 104/117 MP: 11/14
 17011 | Lair:4   | Reached skill level 12 in Polearms
 17184 | Lair:4   | Learned a level 1 spell: Sting
 17820 | Lair:5   | Found a labyrinth entrance.
 17829 | Lab      | Entered a labyrinth
 18484 | Lab      | Noticed a minotaur
 18493 | Lab      | Killed a minotaur
 18498 | Lab      | Identified a +2 rod of destruction (13/13) (You found it in a labyrinth)
 18501 | Lab      | Got a brightly glowing ring mail
 18502 | Lab      | Identified the +3 ring mail "Forget-Me-Not" {rC+ Str+10 Int+2 Dex-3} (You found it in a labyrinth)
 18744 | Lair:5   | Received a gift from Okawaru
 18750 | Lair:5   | Reached skill level 1 in Poison Magic
 19635 | Lair:6   | Found a runed door.
 19635 | Lair:6   | Found a viscous altar of Jiyva.
 19639 | Lair:6   | Noticed an acid blob
 19640 | Lair:6   | Noticed an acid blob
 19641 | Lair:6   | Found a staircase to the Slime Pits.
 19838 | Lair:6   | Found a staircase to the Swamp.
 20149 | Lair:7   | Reached skill level 5 in Crossbows
 20155 | Lair:7   | Received a gift from Okawaru
 20161 | Lair:7   | Got a warped robe {god gift}
 20162 | Lair:7   | Identified the +1 robe of Enesann {rPois rF- rN++ MP+9} (Okawaru gifted it to you on level 7 of the Lair of Beasts)
 20191 | Lair:7   | Found a shimmering altar of Xom.
 20208 | Lair:7   | Reached skill level 13 in Polearms
 20243 | Lair:7   | Got a smelly ring mail
 20244 | Lair:7   | Identified the +1 ring mail of Happiness {rPois Str+6 Dex-2 Slay+3} (You found it on level 7 of the Lair of Beasts)
 20276 | Lair:7   | Reached XP level 14. HP: 114/129 MP: 13/16
 20653 | Lair:7   | Learned a level 1 spell: Apportation
 20749 | Lair:7   | Reached skill level 5 in Poison Magic
 21511 | Lair:8   | Entered Level 8 of the Lair of Beasts
 21907 | Lair:8   | Received a gift from Okawaru
 21996 | Lair:8   | Reached skill level 14 in Polearms
 22131 | Lair:8   | Slain by a blink frog

Vault maps used:
D:1:      dpeg_arrival_water_fire
D:2:      minmay_misc_feat_rows, lemuel_flame_loot_1
D:3:      st_stairs_9, nicolae_ru_great_annihilating_truth
D:4:      first_bread, uniq_sigmund, uniq_edmund
D:6:      grunt_temple_overflow_open, serial_shops, nicolae_shop_statue_plus,
          kennysheep_mini, nicolae_shop_behind_doors, nicolae_shop_stone,
          johnstein_pakellas_death_squad
D:7:      temple_pool_b, serial_shops, shop, okawaru_metal_pillars_3
D:8:      hangedman_ranch, uniq_erica
D:9:      serial_shops, shop, cheibriados_altar_wand_db
D:10:     lair_0_dummy, minmay_stone_trees_small, minmay_misc_feat_pillars
Temple:   grunt_wide_crystal_templ_18
Lair:1:   grunt_forest_small_clearing_treed, grunt_megastairs_4, uniq_harold
Lair:2:   minmay_holes, grunt_megastairs_1, infiniplex_staircase_pool,
          uniq_nergalle
Lair:3:   dummy_snake_entry, beast_lair_carwin_4
Lair:4:   beast_lair_carwin_8
Lair:5:   lab_entry_generic, serial_bayou_shore_b, infiniplex_staircase_pool_2,
          serial_bayou_shore_a
Lair:6:   minmay_swamp_entry_reptiles, slime_altar_2
Lair:7:   basic_altar, bh_autumn_forest_stairs, grunt_megastairs_3,
          serial_bayou_shore_b
Lair:8:   minmay_lair_end_frog_pond, uniq_nessos
Lab:      nicolae_lab_stuck

Action                   |  1- 3 |  4- 6 |  7- 9 | 10-12 | 13-15 || total
-------------------------+-------+-------+-------+-------+-------++-------
Melee: Trident           |   105 |    23 |       |       |       ||   128
       Spear             |       |   116 |   393 |   875 |    80 ||  1464
       Glaive            |       |       |       |   249 |   545 ||   794
 Cast: Sting             |       |       |       |       |     1 ||     1
Invok: Heroism           |       |       |       |    16 |    11 ||    27
       Finesse           |       |       |       |     1 |     7 ||     8
 Abil: Spit Poison       |    34 |    13 |    87 |   168 |    31 ||   333
Evoke: Wand              |       |       |       |    12 |       ||    12
  Use: Scroll            |     1 |       |     9 |    16 |    11 ||    37
       Potion            |       |       |       |     2 |       ||     2
 Stab: Paralysed         |       |     1 |       |       |       ||     1
       Invisible         |       |     1 |       |       |       ||     1
       Distracted        |       |       |       |     1 |     1 ||     2
       Confused          |       |       |       |       |     1 ||     1
       Sleeping          |       |       |       |       |     1 ||     1
  Eat: Chunk             |     3 |     1 |    16 |    41 |    18 ||    79
       Meat ration       |       |     1 |       |       |       ||     1
       Fruit             |       |       |       |       |     1 ||     1
